 Dungeon Crawl Stone Soup version 0.28.0-47-ge53b351184 (webtiles) character file.

Game seed: 6688726174412271512

156 Bruhh the Magician (level 5, -9/35 HPs)
             Began as a Djinni Fire Elementalist on Apr 28, 2022.
             Killed from afar by an orc wizard (11 damage)
             ... with a magic dart
             ... on level 4 of the Dungeon.
             The game lasted 00:03:41 (4708 turns).

Bruhh the Magician (Djinni Fire Elementalist)       Turns: 4708, Time: 00:03:42

Health: -9/35      AC:  2    Str: 17    XL:     5   Next: 64%
Gold:   73         EV: 12    Int: 19    God:
                   SH:  0    Dex: 13

rFire   + + .      SeeInvis .   q - +3 trident of Jakueleu {vamp, Str+4}
rCold   x . .      Faith    .   (no shield)
rNeg    . . .      Spirit   .   g - +0 robe {Will+}
rPois   ∞          Reflect  .   (no helmet)
rElec   .          Harm     .   (no cloak)
rCorr   .          Rampage  .   (no gloves)
Will    +....                   (boots unavailable)
Stlth   ++........              (no amulet)
HPRegen 0.11/turn               u - +6 ring of strength
MPRegen 0.00/turn               (no ring)

@: flying
A: sickness immunity, fire resistance 2, cold vulnerability 1, float, innate
caster, HP casting, extra vitality 1
a: no special abilities


You were on level 4 of the Dungeon.
You visited 1 branch of the dungeon, and saw 4 of its levels.

You collected 73 gold pieces.

Inventory:

Hand Weapons
 m - a +0 long sword
 q - the +3 trident of Jakueleu (weapon) {vamp, Str+4}
   (You found it on level 2 of the Dungeon)

   It occasionally heals its wielder for a portion of the damage dealt when it
   wounds a living foe.
   Str:       It affects your strength (+4).
Armour
 a - a +0 robe
 g - a +0 robe of willpower (worn)
Jewellery
 d - a ring of ice
 u - a +6 ring of strength (left hand)
 w - a ring of ice
Scrolls
 c - a scroll of fear {unknown}
 i - 2 scrolls of fog {unknown}
 n - 2 scrolls of enchant armour {unknown}
 o - a scroll of teleportation {unknown}
 p - 3 scrolls of identify {unknown}
 v - a scroll of torment {unknown}
 x - a scroll of magic mapping {unknown}
Potions
 b - a potion of cancellation {unknown}
 e - 3 potions of berserk rage {unknown}
 f - 2 potions of lignification {unknown}
 h - a potion of degeneration {unknown}
 j - 2 potions of mutation {unknown}
 k - a potion of might {unknown}
 l - a potion of brilliance {unknown}
 r - 3 potions of curing {unknown}
 s - a potion of flight {unknown}
 t - 3 potions of attraction {unknown}


   Skills:
 - Level 2.1 Dodging
 - Level 1.5 Stealth
 + Level 4.5 Spellcasting


You couldn't memorise any spells.
You knew the following spells:

 Your Spells              Type           Power      Damage    Failure   Level
a - Foxfire               Conj/Fire      84%        2x1d8     1%          1
b - Scorch                Fire           42%        2d7       3%          2
c - Conjure Flame         Conj/Fire      21%        6-21      6%          3
d - Inner Flame           Hex/Fire       21%        N/A       6%          3
e - Flame Wave            Conj/Fire      21%        2d7       21%         4
f - Slow                  Hex            84%        N/A       1%          1
g - Blink                 Tloc           42%        N/A       3%          2
Your spell library was empty.

Dungeon Overview and Level Annotations

Branches:
Dungeon (4/15)
 Temple: D:4-7

Altars:

Shops:
D:3 [


Innate Abilities, Weirdness & Mutations

You are immune to sickness and miasma.
You are immune to poison.
Your flesh is very heat resistant. (rF++)
You are vulnerable to cold. (rC-)
You float through the air rather than walking.
You learn spells naturally, not from books.
Your magical power is your life essence.
You have superior vitality. (+4 MHP)


Message History

An orc wizard is nearby!
The orc wizard shouts!
An orc priest comes into view. It is wielding a +0 whip.
The orc wizard points at you and mumbles some strange words.
The magic dart hits you!
An ufetubus comes into view.
You can't see any susceptible monsters within range! (Use Z to cast anyway.)
The orc priest shouts!
The ufetubus shouts!
You can't see any susceptible monsters within range! (Use Z to cast anyway.)
The orc priest mumbles some strange prayers to Beogh against you.
You resist with some effort.
Flames lash the orc priest.
The orc priest is severely wounded.
The orc priest's fire resistance burns away.
The orc wizard gestures at you while chanting.
You resist with almost no effort.
You closely miss the orc wizard.
Flames lash the orc priest but do no damage.
The orc priest calls down the wrath of Beogh upon you.
Beogh smites you!
The orc wizard hits you with a +0 dagger.
You are too injured to fight recklessly!
You are too injured to fight recklessly!
You are too injured to fight recklessly!
You are too injured to fight recklessly!
You are too injured to fight recklessly!
The orc priest calls upon Beogh to heal the orc priest.
The orc priest is healed somewhat.
The orc wizard points at you and mumbles some strange words.
The magic dart hits you.
* * * LOW HITPOINT WARNING * * *
The orc priest casts a cantrip, but nothing happens.
The orc wizard casts a spell at you. The magic dart hits you.
* * * LOW HITPOINT WARNING * * *
Things that are here:
a +0 club; 3 stones The orc wizard gestures at you while chanting.
The magic dart hits you!
You die...

#. # #.....##
#........# #.# .
#......#
#......... ...#.
###....#
#####..... ##.#.
#....########.....
....#
#....'.....#......
...
#....#####.#......
#5#### #....#
###.#...... #oo..#
#....# #.....#####
####.#####@####
####### #.o.o.#)#
#########.#.#
..........#.#
########..o.#
#.#### #.# #.# #.#


You could see an orc wizard.

Vanquished Creatures
  A water moccasin skeleton (D:4)
  Terence (D:3)
  3 adders
  2 worms (D:2)
  A dart slug (D:2)
  An orc (D:3)
  4 ball pythons
  3 bats
  4 endoplasms
  4 giant cockroaches
  2 goblins (D:1)
  6 hobgoblins
  9 kobolds
  6 rats
47 creatures vanquished.

Vanquished Creatures (others)
  26 foxfires (D:1)
26 creatures vanquished.

Grand Total: 73 creatures vanquished

Notes
Turn   | Place    | Note
-------+----------+-------------------------------------------
     0 | D:1      | Bruhh the Djinni Fire Elementalist began the quest for the
                  | Orb.
     0 | D:1      | Reached XP level 1. HP: 15/15 MP: 0/0
   343 | D:1      | Reached XP level 2. HP: 18/21 MP: 0/0
   697 | D:1      | Found a faded altar of an unknown god.
   918 | D:1      | Reached skill level 3 in Spellcasting
  1428 | D:2      | Reached XP level 3. HP: 5/25 MP: 0/0
  1428 | D:2      | Learned a level 1 spell: Slow
  2749 | D:2      | Identified the +3 trident of Jakueleu {vamp, Str+4}
  3057 | D:3      | Reached XP level 4. HP: 20/31 MP: 0/0
  3408 | D:3      | Found Hefuvyps's Armour Shop.
  3427 | D:3      | Noticed Terence
  3434 | D:3      | Killed Terence
  3435 | D:3      | Reached skill level 4 in Spellcasting
  4222 | D:4      | Reached XP level 5. HP: 19/35 MP: 0/0
  4222 | D:4      | Learned a level 2 spell: Blink
  4708 | D:4      | Killed from afar by an orc wizard

Illustrated notes

Levels and vault maps discovered:
D:1:      giann_horns, layout_loops_corners, shapermc_ecumenical_altar_venn
D:2:      layout_basic
D:3:      layout_loops_corners, serial_shops, nicolae_lakefront_shop,
          hex_medium, uniq_terence
D:4:      layout_basic, chequers_serial_rivers_small_a, serial_park_tiny_1,
          st_stairs_5, kennysheep_windowed_goal, uniq_grinder

Skill      XL: |  1  2  3  4 |
---------------+-------------+-----
Spellcasting   | 3 4 |  4.5
Dodging        | |  2.1
Stealth        | |  1.5

Action                   |  1- 3 |  4- 6 || total
-------------------------+-------+-------++-------
Melee: Trident           |     9 |     5 ||    14
 Cast: Foxfire           |    13 |       ||    13
       Scorch            |    40 |    22 ||    62
       Inner Flame       |       |     1 ||     1
Armor: Robe              |     3 |     1 ||     4
Dodge: Dodged            |    10 |     6 ||    16
